 Seeded DCSS version 0.25-a0-516-g7d600cd (webtiles) character file.

Game seed: 999526953412202978, levelgen mode: deterministic

278 Faels the Archer (level 6, -4/51 HPs)
             Began as a Centaur Hunter on Feb 16, 2020.
             Killed by divine providence
             ... invoked by an orc priest
              (15 damage)
             ... on level 3 of the Dungeon.
             The game lasted 00:13:07 (2826 turns).

Faels the Archer (Centaur Hunter)                   Turns: 2826, Time: 00:13:08

Health: -4/51      AC:  7    Str: 14    XL:     6   Next: 5%
Magic:  6/6        EV:  7    Int: 12    God:
Gold:   78         SH:  0    Dex: 12    Spells: 5/5 levels left

rFire    . . .     SeeInvis .   a - +1 shortbow
rCold    . . .     Gourm    .   (shield currently unavailable)
rNeg     . . .     Faith    .   l - +0 scale mail
rPois    .         Spirit   .   (no helmet)
rElec    .         Reflect  .   v - +0 cloak
rCorr    .         Harm     .   (no gloves)
MR       .....                  (no barding)
Stlth    ..........             (no amulet)
HPRegen  0.17/turn              u - ring of wizardry
MPRegen  0.10/turn              A - +2 ring of intelligence

@: very quick
A: large, hooves 3, deformed body, speed 2, tough skin 3
a: no special abilities


You were on level 3 of the Dungeon.
You were not hungry.

You visited 1 branch of the dungeon, and saw 4 of its levels.

You collected 168 gold pieces.
You spent 90 gold pieces at shops.

Inventory:

Hand Weapons
 a - a +1 shortbow (weapon)
 b - a +0 short sword
 m - a +0 mace
 n - a +0 dagger
 s - a +0 spear
Missiles
 d - 41 arrows (quivered)
 h - 20 bolts
 j - 9 javelins
 t - 11 poisoned darts
 w - a throwing net
Armour
 c - a +0 leather armour
 l - a +0 scale mail (worn)
 v - a +0 cloak (worn)
Jewellery
 u - a ring of wizardry (left hand)
 A - a +2 ring of intelligence (right hand)
Scrolls
 k - a scroll of immolation {unknown}
 o - 2 scrolls of teleportation
 p - 2 scrolls of remove curse
 x - a scroll of enchant armour {unknown}
 y - a scroll of fear {unknown}
 z - a scroll of fog {unknown}
Potions
 e - a potion of brilliance {unknown}
 g - 2 potions of curing
 r - a potion of resistance {unknown}
Comestibles
 f - 5 rations
 q - a chunk of flesh


   Skills:
 - Level 3.0 Fighting
 - Level 1.3 Short Blades
 * Level 8.2 Bows
 - Level 2.1 Dodging
 - Level 0.6 Stealth


You had 5 spell levels left.
You didn't know any spells.
Your spell library was empty.

Dungeon Overview and Level Annotations

Branches:
Dungeon (4/15)
 Temple: D:4-7

Altars:
Zin


Innate Abilities, Weirdness & Mutations

You have hooves in place of feet.
Armour fits poorly on your strangely shaped body.
You cover ground very quickly.
You have extremely tough skin. (AC +3)


Message History

The orc priest barely misses you.
Firing (i - inventory. (/) - cycle)
d - 44 arrows (quivered)
Press: ? - help, Shift-Dir - straight line, f/p - orc priest
Aim: an orc priest, wielding a +0 flail (severely wounded)
You shoot an arrow.
The arrow closely misses the orc priest.
Firing (i - inventory. (/) - cycle)
d - 43 arrows (quivered)
Press: ? - help, Shift-Dir - straight line, f/p - orc priest
Aim: an orc priest, wielding a +0 flail (severely wounded)
You shoot an arrow.
The arrow closely misses the orc priest.
The orc priest barely misses you.
Firing (i - inventory. (/) - cycle)
d - 42 arrows (quivered)
Press: ? - help, Shift-Dir - straight line, f/p - orc priest
Aim: an orc priest, wielding a +0 flail (severely wounded)
You shoot an arrow.
The arrow closely misses the orc priest.
The orc priest calls down the wrath of Beogh upon you.
Beogh smites you!
You die...

############# #...........#
####.#####.....#
####......###.....#####
#.......)..............
#.##..@.....##..>......
#....#.o..#............
#########.#(................
#...#..........###.....^....
#..###.##.#....(.....##.....
#.........#[...###...##.....
#.#####...#.......#####.....
#.#####.....................
#.##..............###.......


You could see an orc priest.

Vanquished Creatures
  Sigmund (D:4)
  4 adders
  3 oozes
  A worm (D:2)
  3 dart slugs (D:2)
  2 leopard geckos
  An orc (D:4)
  A giant cockroach (D:2)
  8 goblins
  5 hobgoblins
  4 jackals
  5 kobolds
  A quokka (D:3)
  A ball python (D:1)
  7 bats
  6 frilled lizards
  9 rats
62 creatures vanquished.

Notes
Turn   | Place    | Note
-------+----------+-------------------------------------------
     0 | D:1      | Faels the Centaur Hunter began the quest for the Orb.
     0 | D:1      | Reached XP level 1. HP: 17/17 MP: 1/1
   455 | D:1      | Reached XP level 2. HP: 24/24 MP: 2/2
   913 | D:1      | Reached skill level 1 in Short Blades
  1202 | D:2      | Reached XP level 3. HP: 30/30 MP: 3/3
  1518 | D:2      | Reached skill level 6 in Bows
  1518 | D:2      | Reached XP level 4. HP: 34/37 MP: 4/4
  2790 | D:4      | Found Zin's Purification Station.
  2790 | D:4      | Found a glowing silver altar of Zin.
  2790 | D:4      | Noticed Sigmund
  2798 | D:4      | Killed Sigmund
  2798 | D:4      | Reached skill level 8 in Bows
  2798 | D:4      | Reached XP level 5. HP: 23/45 MP: 5/5
  2798 | D:4      | Reached XP level 6. HP: 26/51 MP: 6/6
  2803 | D:4      | Bought a potion of curing for 90 gold pieces
  2826 | D:3      | Killed from afar by an orc priest

Levels and vault maps discovered:
D:1:      eino_arrival_cavern_c, layout_loops_corners, chequers_jeans
D:2:      layout_basic
D:3:      layout_basic, first_ration
D:4:      layout_cave_pools, zin_purify, serial_shops, shop_statue,
          lightli_sewer_entry_pipes, minmay_manual_mandibuliform, uniq_sigmund

Skill      XL: |  1  2  3  4 |
---------------+-------------+-----
Short Blades   | 1 |  1.3
Dodging        | 2 |  2.1
Bows           | 6 8 |  8.2
Fighting       | 3 |  3.0
Stealth        | |  0.6

Action                   |  1- 3 |  4- 6 || total
-------------------------+-------+-------++-------
Melee: Short sword       |    34 |    13 ||    47
       Kick              |     5 |     4 ||     9
 Fire: Shortbow          |    79 |    76 ||   155
  Use: Scroll            |       |     2 ||     2
  Eat: Chunk             |     1 |     3 ||     4
Armor: Leather armour    |     2 |       ||     2
       Scale mail        |    36 |    19 ||    55
Dodge: Dodged            |    19 |    12 ||    31

Table legend:
 A = Non-vault XP
 B = Vault XP
 C = Vault XP percentage of total XP
 D = Non-vault monster count
 E = Vault monster count
 F = Vault count percentage of total count
                 A         B        C        D         E       F
            +---------+---------+-------+---------+---------+-------
      Total |     171 |     227 |  57.0 |      61 |       1 |   1.6
            +---------+---------+-------+---------+---------+-------
        D:1 |      39 |       0 |   0.0 |      19 |       0 |   0.0
        D:2 |      92 |       0 |   0.0 |      26 |       0 |   0.0
        D:3 |      37 |       0 |   0.0 |      15 |       0 |   0.0
        D:4 |       3 |     227 |  98.7 |       1 |       1 |  50.0
            +---------+---------+-------+---------+---------+-------
